Unix NetHack Version 5.0.0-0 post-release - last build Jun 10 2026 00:39:30 (3ee93aec679c4c4259841fe613dc97188e26a321,branch:main).

Game began 2026-06-30 20:48:25, ended 2026-07-01 19:22:56.

Eymerich, chaotic male elven Priest

                           -----         --------
                           |.{.-#        |.......##
                          #|...|#        |......| ###----------
  -----      -----       ##|...|#        |......|   #|........|
  |....######|...|      ###...{|#        |......|   #|........|
  |...|     #.(..-#########-----#        ----.---   #....<....|
  |....######|...|      ##      #          ###       ---|------
  -.---     #--.--      ##      #           #           ##
   ###      #####      ##       #           #            #
     ##     #  #       #        #          ##            ###          --------
      #     #  #     ###      * #       #######            #        ##-@).).)|
      #   ###  #     #         ##  -----.-----#            #        # |l.))))|
      #   #    #     #          #  |.........|#            #      d## |)).).)|
      #   #    #     ##         ###.......{..|#########    ##     @   |.)).))|
   ---.-- #   ####   #            #|.........|       -.-----.-- #q#   |..)).)|
   |.....##   #-.---##             .------.---       |........| #     |.).))[|
   |.(..|      |.>..## 0#################%###########-........| #     --------
   |..|.|      |.{(|                 #               |._.....:.##
   ------      -----                                 ----------

Eymerich the Adept           St:12 Dx:9 Co:13 In:13 Wi:20 Ch:9  Chaotic
Dlvl:3  $:222 HP:0(43) Pw:107(107) AC:1  Xp:6 T:4075  Burdened

Latest messages:
 Pinky bites the rothe.
 You swap places with Pinky.
 The rothe misses!
 The rothe bites!
 The rothe bites again!
 You miss the rothe.
 The rothe misses!
 The rothe bites!
 The rothe misses!
 You kill the rothe!
 You see here a rothe corpse.
 There is a rothe corpse here; eat it? [ynq] (n)
 This rothe corpse is tough.
 You finish eating the rothe corpse.
 Pinky bites the rothe.
 The rothe hits Pinky.
 The rothe misses Pinky.
 The rothe misses Pinky.
 Pinky misses the rothe.
 You hit the rothe.
 The rothe just misses!
 The rothe bites!
 The rothe bites again!
 Pinky bites the rothe.
 The rothe is killed!
 Pinky eats a rothe corpse.
 What do you want to eat? [cefnvA or ?*]
 You cannot eat that!
 There is nothing here to pick up.
 You swap places with Pinky.
 You miss the rothe.
 The rothe misses!
 The rothe bites!
 The rothe bites again!
 The rothe misses!
 The rothe bites!
 The rothe bites again!
 You miss the rothe.
 You hit the rothe.
 The rothe just misses!
 The rothe just misses!
 The rothe bites!
 You miss the rothe.
 The rothe hits!
 The rothe misses!
 The rothe bites!
 You die...
 Do you want your possessions identified? [ynq] (y)
 Do you want to see your attributes? [ynq] (y)
 Do you want an account of creatures vanquished? [ynaq] (y)

Inventory:
 Coins    ('$')
  $ - 222 gold pieces
 Weapons  (')')
  Z - a +0 sling
  S - 2 blessed +0 darts
  k - a +0 dart
  R - 21 +0 shuriken
  g - 5 +0 orcish daggers (at the ready)
  a - a blessed +1 mace (weapon in right hand)
 Armor    ('[')
  t - a +0 helm of telepathy (being worn)
  i - a +0 orcish helm
  y - a blessed +2 pair of low boots (being worn)
  b - a +0 robe
  w - a +0 elven mithril-coat (being worn)
 Comestibles  ('%')
  v - a slime mold
  e - a clove of garlic
  A - a food ration
  n - a fortune cookie
  f - a sprig of wolfsbane
  c - 2 lichen corpses
 Scrolls  ('?')
  m - a cursed scroll of remove curse
 Potions  ('!')
  G - a potion of enlightenment
  j - 3 potions of gain ability
  L - 2 potions of speed
  d - 4 potions of holy water
  l - a potion of water
 Wands    ('/')
  N - a wand of digging (0:6)
  q - a wand of magic missile (0:5)
 Tools    ('(')
  H - a leash
  B - a lock pick
  x - a magic whistle
 Gems/Stones  ('*')
  s - a worthless piece of white glass named soft

Eymerich the Priest's attributes:

Background:
 You were an Adept, a level 6 elven Priest.
 You were chaotic, on a mission for Poseidon
 who was opposed by Athena (lawful) and Hermes (neutral).
 You were right-handed.
 You were in the Dungeons of Doom, on level 3.
 You entered the dungeon 4075 turns ago.
 There was a full moon in effect when your adventure ended.
 You had 354 experience points, 286 more were needed to attain level 7.

Basics:
 You had 0 out of 43 hit points.
 You had all 107 energy points (spell power).
 Your armor class was 1.
 Your wallet contained 222 zorkmids.
 Autopickup was off.

Final Characteristics:
 Your strength was 12 (limit:18).
 Your dexterity was 9 (peak:10, limit:18).
 Your constitution was 13 (limit:16).
 Your intelligence was 13 (limit:20).
 Your wisdom was 20 (limit:20).
 Your charisma was 9 (limit:18).

Final Status:
 You weren't hungry.
 You were burdened; movement was slightly slowed.
 You were wielding a mace.
 You had basic skill with mace and could have enhanced that.

Final Attributes:
 You were piously aligned.
 You were sleep resistant.
 You were telepathic.
 You had infravision.
 You were guarded.
 Your spell casting was impaired by metallic armor.
 You were lucky.
 You are dead.

Miscellaneous:
 You didn't encounter any bones levels.
 Total elapsed playing time was 1 hour, 14 minutes and 26 seconds.

Major events:
 Turn
    1: Eymerich the chaotic elven Priest entered the dungeon
  887: attained the rank of Acolyte (level 3)
 3728: attained the rank of Adept (level 6)
 4075: killed by a rothe

Spells:
 Name                 Level Category     Fail Retention
 healing                1   healing       75%  76%-100%
 detect monsters        1   divination    93%  76%-100%
 wizard lock            2   matter       100%  76%-100%

Skills:
 Fighting Skills
   bare handed combat [Unskilled]
 Weapon Skills
   club               [Unskilled]
   mace               [Basic]
   morning star       [Unskilled]
   flail              [Unskilled]
   hammer             [Unskilled]
   quarterstaff       [Unskilled]
   polearms           [Unskilled]
   spear              [Unskilled]
   trident            [Unskilled]
   lance              [Unskilled]
   bow                [Unskilled]
   sling              [Unskilled]
   crossbow           [Unskilled]
   dart               [Unskilled]
   shuriken           [Unskilled]
   boomerang          [Unskilled]
   unicorn horn       [Unskilled]
 Spellcasting Skills
   healing spells     [Unskilled]
   divination spells  [Unskilled]
   clerical spells    [Basic]

Voluntary challenges:
 Character rerolling was not enabled.
 You never genocided any monsters.
 You never polymorphed an object.
 You never changed form.
 You used no wishes.
Achievements:
 You entered a shop.
 You attained the rank of Acolyte.
 You attained the rank of Adept.

 The Dungeons of Doom: levels 1 to 3
    Level 1: "vault"
       A fountain, a sink.
    Level 2:
       A general store, an altar.
    Level 3: <- You were here.
       A weapon shop, an altar, some fountains, some sinks, a grave.
       Final resting place for
          you, killed by a rothe.


Vanquished creatures:
  a small mimic
  a rock mole
  a fog cloud
  2 floating eyes
  a kitten
  2 homunculi
  4 hill orcs
  5 rothes
  a rabid rat
  2 giant bats
 an iguana
  4 coyotes
  2 gas spores
  a hobbit
  8 manes
  a large kobold
  2 hobgoblins
  8 giant rats
  a cave spider
  a brown mold
  2 yellow molds
 15 garter snakes
  a gnome zombie
  2 geckos
  5 jackals
  2 foxes
  3 kobolds
  3 goblins
  2 grid bugs
  2 bats
  9 lichens
  8 newts
103 creatures vanquished.

No species were genocided or became extinct.

Game over:
                       ----------
                      /          \
                     /    REST    \
                    /      IN      \
                   /     PEACE      \
                  /                  \
                  |     Eymerich     |
                  |      222 Au      |
                  |   killed by a    |
                  |      rothe       |
                  |                  |
                  |                  |
                  |       2026       |
                 *|     *  *  *      | *
        _________)/\\_//(\/(/\)/\//\/|_)_______

Goodbye Eymerich the Priest...

You died in The Dungeons of Doom on dungeon level 3 with 1726 points,
and 222 pieces of gold, after 4075 moves.
You were level 6 with a maximum of 43 hit points when you died.

